 Dungeon Crawl Stone Soup version 0.20.0-10-g0535bb4 (webtiles) character file.

49 Manul the Skirmisher (level 3, -1/27 HPs)
             Began as an Octopode Abyssal Knight on June 5, 2017.
             Was a Follower of Lugonu.
             Slain by a goblin
             ... wielding a +0 club
             ... led by Robin
              (3 damage)
             ... on level 2 of the Dungeon.
             The game lasted 00:01:11 (1256 turns).

Manul the Skirmisher (Octopode Abyssal Knight)      Turns: 1256, Time: 00:01:12

Health: -1/27      AC:  1    Str: 16    XL:     3   Next: 75%
Magic:  4/4        EV: 14    Int: 14    God:    Lugonu [*.....]
Gold:   104        SH:  0    Dex: 12    Spells: 2/2 levels left

rFire    . . .     SeeInvis .   a - +1 short sword
rCold    . . .     Gourm    .   (no shield)
rNeg     . . .     Faith    .   (helmet restricted)
rPois    .         Spirit   .   (no amulet)
rElec    .         Reflect  .   h - +5 ring of strength (curse)
rCorr    .         Harm     .   (no ring)
MR       .....                  (no ring)
Stlth    +++.......             (no ring)
Regen    0.1/turn               (no ring)
MPRegen  0.1/turn               (no ring)
                                (no ring)
                                (no ring)

@: no status effects
A: almost no armour, stealthy swim, amphibious, 8 rings, constrict 8, camouflage
1, gelatinous body 1
a: Depart the Abyss, Renounce Religion


You were on level 2 of the Dungeon.
You worshipped Lugonu.
Lugonu was aware of your devotion.
You were not hungry.

You visited 1 branch of the dungeon, and saw 2 of its levels.
You visited the Abyss 1 time.

You collected 104 gold pieces.

Inventory:

Hand Weapons
 a - a +1 short sword (weapon)
Jewellery
 h - a cursed +5 ring of strength (left tentacle)
Scrolls
 f - 2 scrolls of identify
 k - a scroll of fog {unknown}
 l - a scroll of teleportation {unknown}
 m - a scroll of blinking {unknown}
Potions
 e - 2 potions of flight
Comestibles
 b - 3 bread rations
 d - 2 chunks of flesh
 j - a meat ration


   Skills:
 + Level 3.8 Fighting
 + Level 2.4 Short Blades
 + Level 2.9 Dodging
 + Level 1.1 Stealth
 + Level 2.0 Invocations


You had 2 spell levels left.
You didn't know any spells.

Dungeon Overview and Level Annotations

Branches:
Dungeon (2/15)

Altars:

Annotations:
D:2 Robin


Innate Abilities, Weirdness & Mutations

You cannot wear most types of armour.
You are very stealthy in the water. (Stealth+)
You are amphibious.
You can wear up to eight rings at the same time.
You can use your tentacles to constrict eight enemies at once.
Your skin changes colour to match your surroundings (Stealth+).
Your rubbery body absorbs attacks. (AC +1, EV +1)


Message History

It was a potion of flight.
You feel very buoyant.
You fly up into the air.
The hobgoblin misses you. x2
The goblin barely misses you. The goblin misses you.
It was a potion of cancellation.
Your magical effects are unravelling.
You feel magically purged.
You float gracefully downwards.
The hobgoblin completely misses you. The hobgoblin barely misses you.
The goblin barely misses you. The goblin hits you with a club.
A goblin comes into view. It is wielding a dagger.
It was a potion of curing.
You feel better. The hobgoblin misses you. The hobgoblin hits you with a club.
The goblin hits you with a club. x2
As you read the scroll labeled ZORIEVYSOECH, it crumbles to dust.
You feel aware of your surroundings.
It was a scroll of magic mapping.
The hobgoblin hits you.
* * * LOW HITPOINT WARNING * * *
The hobgoblin hits you with a club.
* * * LOW HITPOINT WARNING * * *
The goblin closely misses you. The goblin hits you with a club.
You die...

*,**,*,*,,,,,,,,,,*
*,**,*,#.###,,,,,,*
*,**,*,#.#....,*+**
****
*,**,*,#.#.#.#,*,*
*,,,
*,*#,#,#.#.#.#.#,*
*,,,
*,##.#.#.#.#.#.#,*
*,,,
*,....g#.#.#.#.#,*
*,,,
*****,#ggg#.#.#.#,*
*,,,
*,,,,,*,#@g.#.#.#,*
*,,,
***,*,*,#.g.....#,*
*,,,
*,*,*.#####.#.#,#
*,,,
*,**#........<#.#
*,,,
*,**#########.#.#
****
*,,,,,..........#
******###.....###
#.#.....# #,#....<#


You could see Robin, 2 hobgoblins and 3 goblins.

Vanquished Creatures
  An adder (D:1)
  A white imp (Abyss:2)
  A giant cockroach (D:1)
  5 goblins
  7 hobgoblins
  6 bats (D:1)
  6 frilled lizards (D:1)
  2 kobolds (D:1)
  3 rats (D:1)
32 creatures vanquished.

Notes
Turn   | Place    | Note
-------+----------+-------------------------------------------
     0 | Abyss:1  | Manul the Octopode Abyssal Knight began the quest for the Orb.
     0 | Abyss:1  | Reached XP level 1. HP: 16/16 MP: 2/2
    34 | Abyss:2  | Found a corrupted altar of Lugonu.
    94 | Abyss:2  | Noticed a thrashing horror
    99 | Abyss:2  | Reached XP level 2. HP: 14/21 MP: 3/3
   101 | D:1      | Escaped the Abyss
   555 | D:1      | Reached * piety under Lugonu
   578 | D:1      | Reached XP level 3. HP: 12/26 MP: 4/4
  1024 | D:1      | Reached skill level 1 in Stealth
  1246 | D:2      | Noticed Robin
  1256 | D:2      | Slain by a goblin

Skill      XL: |  1  2  3 |
---------------+----------+-----
Stealth        | 1 |  1.1
Fighting       | |  3.8
Short Blades   | |  2.4
Dodging        | |  2.9
Invocations    | |  2.0

Action                   || total
-------------------------++-------
Melee: Short sword       ||    66
       Constrict         ||    20
       Tentacles         ||    11
Invok: Depart the Abyss  ||     1
  Use: Scroll            ||     2
       Potion            ||     3
 Stab: Sleeping          ||     3
       Distracted        ||     1
  Eat: Chunk             ||     1
Armor: Skin              ||    15
Dodge: Dodged            ||    71
